 Dungeon Crawl Stone Soup version 0.20-a0-1114-g33edf32 (webtiles) character file.

4487 n0n the Carver (level 10, -1/74 HPs)
             Began as a Demonspawn Gladiator on May 6, 2017.
             Was an Elder of Okawaru.
             Slain by a two-headed ogre
             ... wielding a +0 giant spiked club
              (12 damage)
             ... on level 8 of the Dungeon.
             The game lasted 00:14:30 (8480 turns).

n0n the Carver (Demonspawn Gladiator)               Turns: 8480, Time: 00:14:30

Health: -1/74      AC: 14    Str: 20      XL:     10   Next: 16%
Magic:  8/10       EV: 13    Int:  7 (8)  God:    Okawaru [****..]
Gold:   501        SH:  0    Dex: 14      Spells: 9/9 levels left

rFire    . . .     SeeInvis .   a - +0 long sword
rCold    . . .     Gourm    .   (no shield)
rNeg     . . .     Faith    .   x - +0 chain mail
rPois    .         Spirit   .   (helmet restricted)
rElec    .         Reflect  .   (no cloak)
rCorr    +         Harm     .   (no gloves)
MR       .....                  (no boots)
Stlth    ..........             l - amulet of regeneration
Regen    0.7/turn               L - ring of resist corrosion
MPRegen  0.2/turn               (no ring)

@: heroism
A: claws 2, horns 1, thin metallic scales 2, deterioration 1, dopey 1, powered
by death 1, strong 1
a: Heroism, Renounce Religion


You were on level 8 of the Dungeon.
You worshipped Okawaru.
Okawaru was greatly pleased with you.
You were not hungry.

You visited 2 branches of the dungeon, and saw 9 of its levels.

You collected 501 gold pieces.

Inventory:

Hand Weapons
 a - a +0 long sword (weapon)
Missiles
 d - 3 throwing nets (quivered)
Armour
 b - a +0 leather armour
 c - a +0 helmet
 x - a +0 chain mail (worn)
 G - a cursed -1 buckler
 K - a +0 helmet
Jewellery
 l - an amulet of regeneration (around neck)
 n - an uncursed amulet of rage {unknown}
 L - a ring of resist corrosion (left claw)
Wands
 g - a wand of polymorph (10/24)
 o - a wand of flame (33/48)
 y - a wand of flame (21/48)
 E - a wand of digging (13/24)
 J - a wand of random effects (27/48)
Scrolls
 e - 3 scrolls of remove curse
 h - 6 scrolls of fog
 i - a scroll of fear
 k - 2 scrolls of noise
 m - 4 scrolls of enchant armour
 r - a scroll of magic mapping {unknown}
 v - 5 scrolls of teleportation {unknown}
 D - a scroll of torment {unknown}
 F - 5 scrolls of identify
 H - 2 scrolls of blinking {unknown}
 I - a scroll of immolation {unknown}
 N - a scroll of vulnerability {unknown}
Potions
 j - 2 potions of brilliance
 s - a potion of ambrosia
 t - 2 potions of curing
 z - a potion of degeneration
 A - a potion of heal wounds
Books
 u - a book of Minor Magic

   Spells                             Type                      Level
   a - Magic Dart                     Conjuration                  1
   b - Blink                          Translocation                2
   c - Call Imp                       Summoning                    2
   d - Slow                           Hexes                        2
   e - Conjure Flame                  Conjuration/Fire             3
   f - Mephitic Cloud                 Conjuration/Poison/Air       3
 C - a book of Maledictions

   Spells                             Type                      Level
   a - Corona                         Hexes                        1
   b - Ensorcelled Hibernation        Hexes/Ice                    2
   c - Confuse                        Hexes                        3
   d - Tukima's Dance                 Hexes                        3
   e - Dazzling Spray                 Conjuration/Hexes            3
Comestibles
 f - 3 fruits
 q - 3 royal jellies
 w - 6 bread rations
 B - 3 meat rations
 M - 3 chunks of flesh


   Skills:
 + Level 5.2(10.2) Fighting
 * Level 11.2(16.2) Long Blades
 - Level 1.7(6.7) Throwing
 + Level 4.8(9.8) Armour
 + Level 4.3(9.3) Dodging
 * Level 2.2(7.2) Shields


You had 9 spell levels left.
You didn't know any spells.

Dungeon Overview and Level Annotations

Branches:
Dungeon (8/15)             Temple (1/1) D:5            Lair (0/6) D:8

Altars:
Ashenzari
Cheibriados
Dithmenos
Elyvilon
Fedhas
Gozag
Hepliaklqana
Kikubaaqudgha
Makhleb
Nemelex Xobeh
Okawaru
Qazlal
Ru
Sif Muna
Trog
Uskayaw
Vehumet
Xom
Yredelemnul
Zin
The Shining One
Lugonu


Innate Abilities, Weirdness & Mutations

You have very sharp fingernails.
You are mostly covered in thin metallic scales. (AC +3)
You regenerate a little health from kills.
You have a pair of small horns on your head.
Your body sometimes deteriorates upon taking damage.
You are dopey. (Int -2)
Your muscles are strong. (Str +2)


Message History

There is a stone staircase leading down here.
Evoke which item? (* to show all) (? for menu, Esc to quit)
Okay, then.
You gain the combat prowess of a mighty hero.
The two-headed ogre hits you with a giant spiked club!
The two-headed ogre barely misses you.
Okay, then.
Evoke which item? (* to show all) (? for menu, Esc to quit)
Aiming: Random Effects (will waste charges)
Press: ? - help, Shift-Dir - straight line, f - two-headed ogre
Aim: a two-headed ogre, wielding a giant spiked club and a giant club (lightly wounded)
The two-headed ogre flickers and vanishes!
Deactivating autopickup; reactivate with Ctrl-A.
Evoking this partially-identified wand wasted a few charges.
As you read the scroll labeled IRURHA MORIYVI, it crumbles to dust.
It is a scroll of amnesia.
You feel forgetful for a moment. Something hits you!
* * * LOW HITPOINT WARNING * * *
Something hits you!
You die...

############ #####
#..........# #...#
#.########.#
#######...#######.#...(.##.#
._........#.....).).###.##.#
..........#.........# #.##.#
..........'>....@..)# #.##.#
..........#######'#.#
#.##.### ####'#....#
####.#'###......#
####.#....#
#.........###.#.#
...#.#....#
#.........'...#<#
...#.#....#
#.........#####.#
..........# ####...#.## #.#
..........# #...#.# #.#
..........#######...#.# #.#


There were no monsters in sight!

Vanquished Creatures
  The ghost of Xoff the Sneak, a novice OpWz of Vehumet (D:8)
  Pikel (D:7)
  Joseph (D:8)
  A hippogriff (D:8)
  A spriggan (D:7)
  A water moccasin (D:7)
  A porcupine (D:8)
  Duvessa (D:4)
  An orc warrior (D:6)
  3 ice beasts
  A phantom (D:4)
  4 ogres
  A necrophage (D:6)
  2 centaurs
  Blork the orc (D:6)
  3 bullfrogs
  Dowan (D:4)
  3 scorpions
  3 crimson imps
  A bullfrog zombie (D:5)
  3 orc priests
  A centaur skeleton (D:4)
  A bullfrog skeleton (D:5)
  An iron imp (D:8)
  3 jellies
  8 orc wizards
  2 iguanas
  3 worker ants
  A hound skeleton (D:6)
  A howler monkey zombie (D:7)
  A howler monkey skeleton (D:5)
  13 adders
  2 shadow imps
  An ooze (D:2)
  An adder skeleton (D:7)
  7 worms
  6 dart slugs
  2 leopard geckos
  23 orcs
  3 giant cockroaches
  10 goblins
  7 hobgoblins
  4 jackals (D:6)
  8 kobolds
  4 quokkas
  3 ball pythons
  5 bats
  5 frilled lizards
  A goblin skeleton (D:8)
  3 goblin zombies (D:8)
  A hobgoblin zombie (D:8)
  2 jackal skeletons
  2 kobold skeletons (D:8)
  A kobold zombie (D:8)
  An orc skeleton (D:8)
  2 orc zombies (D:8)
  10 rats
184 creatures vanquished.

Vanquished Creatures (others)
  An adder skeleton (D:7)
1 creature vanquished.

Grand Total: 185 creatures vanquished

Notes
Turn   | Place    | Note
-------+----------+-------------------------------------------
     0 | D:1      | n0n the Demonspawn Gladiator began the quest for the Orb.
     0 | D:1      | Reached XP level 1. HP: 16/16 MP: 1/1
   195 | D:1      | Reached skill level 3 in Long Blades
   205 | D:1      | Gained mutation: You are partially covered in thin metallic scales. (AC +2) [demonic ancestry]
   205 | D:1      | Reached XP level 2. HP: 18/22 MP: 2/2
   978 | D:1      | Reached XP level 3. HP: 27/27 MP: 3/3
  1560 | D:2      | Found a deep blue altar of Sif Muna.
  1592 | D:2      | Gained mutation: You have sharp fingernails. [demonic ancestry]
  1592 | D:2      | Reached XP level 4. HP: 23/34 MP: 4/4
  1870 | D:2      | Reached skill level 4 in Long Blades
  2036 | D:3      | Noticed an ogre
  2073 | D:3      | Killed an ogre
  2073 | D:3      | Reached skill level 1 in Armour
  2073 | D:3      | Reached XP level 5. HP: 28/39 MP: 5/5
  2205 | D:3      | Found a burning altar of Makhleb.
  2297 | D:3      | Found a shimmering altar of Xom.
  2302 | D:3      | Reached skill level 5 in Long Blades
  2589 | D:3      | Found a glowing silver altar of Zin.
  2589 | D:3      | Found a sparkling altar of Nemelex Xobeh.
  2785 | D:3      | Reached XP level 6. HP: 44/46 MP: 6/6
  3222 | D:4      | Noticed Duvessa
  3227 | D:4      | Gained mutation: Your muscles are strong. (Str +2) [potion of mutation]
  3227 | D:4      | Gained mutation: Your body sometimes deteriorates upon taking damage. [potion of mutation]
  3227 | D:4      | Gained mutation: You are dopey. (Int -2) [potion of mutation]
  3227 | D:4      | Gained mutation: You have a pair of small horns on your head. [potion of mutation]
  3231 | D:4      | Killed Duvessa
  3232 | D:4      | Noticed Dowan
  3242 | D:4      | Killed Dowan
  3242 | D:4      | Reached skill level 6 in Long Blades
  3243 | D:4      | Found a shattered altar of Ashenzari.
  3816 | D:5      | Entered Level 5 of the Dungeon
  4079 | D:4      | Reached XP level 7. HP: 32/52 MP: 7/7
  4500 | D:4      | Reached skill level 7 in Long Blades
  4523 | D:4      | Found a blossoming altar of Fedhas.
  4792 | D:4      | Gained mutation: You have very sharp fingernails. [demonic ancestry]
  4792 | D:4      | Reached XP level 8. HP: 58/58 MP: 8/8
  5329 | D:5      | Found a staircase to the Ecumenical Temple.
  5403 | Temple   | Entered the Ecumenical Temple
  5428 | Temple   | Became a worshipper of Warmaster Okawaru
  5607 | D:5      | Reached skill level 8 in Long Blades
  6250 | D:6      | Noticed Blork the orc
  6267 | D:6      | Killed Blork the orc
  6343 | D:6      | Found a hazy altar of Hepliaklqana.
  6344 | D:6      | Found an ancient bone altar of Kikubaaqudgha.
  6350 | D:6      | Found a basalt altar of Yredelemnul.
  6853 | D:6      | Reached skill level 9 in Long Blades
  7054 | D:7      | Found a blossoming altar of Fedhas.
  7054 | D:7      | Found a stormy altar of Qazlal.
  7112 | D:7      | Noticed Pikel
  7151 | D:7      | Killed Pikel
  7151 | D:7      | Reached * piety under Okawaru
  7151 | D:7      | Gained mutation: You are mostly covered in thin metallic scales. (AC +3) [demonic ancestry]
  7151 | D:7      | Reached XP level 9. HP: 46/65 MP: 9/9
  7299 | D:7      | Reached ** piety under Okawaru
  7633 | D:7      | Reached skill level 10 in Long Blades
  7633 | D:7      | Reached skill level 1 in Shields
  7744 | D:8      | Found a glowing golden altar of the Shining One.
  7815 | D:8      | Noticed Joseph
  7847 | D:8      | Killed Joseph
  7873 | D:8      | Noticed Xoff's ghost (novice OpWz)
  8030 | D:8      | Found a staircase to the Lair.
  8114 | D:8      | Reached skill level 5 in Fighting
  8201 | D:8      | Killed Xoff's ghost
  8201 | D:8      | Reached *** piety under Okawaru
  8201 | D:8      | Reached skill level 11 in Long Blades
  8201 | D:8      | Gained mutation: You regenerate a little health from kills. [demonic ancestry]
  8201 | D:8      | Reached XP level 10. HP: 49/74 MP: 10/10
  8399 | D:8      | Found a snail-covered altar of Cheibriados.
  8421 | D:8      | Noticed a two-headed ogre
  8431 | D:8      | Reached **** piety under Okawaru
  8480 | D:8      | Slain by a two-headed ogre

Vault maps used:
D:1:      lightli_arrival_statuegarden
D:2:      nicolae_overflow_hidden_temple, led_sif_pool, serial_curves,
          eino_curves_03, eino_curves_03
D:3:      grunt_temple_overflow_open, makhleb_grotto_becter
D:4:      marbit_many_paths, fedhas_altar_fruit_tree, uniq_duvessa
D:5:      temple_pool_b, first_bread, serial_co_window_serial,
          co_window_corner_a, co_window_of_opportunity_a, co_window_paths_a,
          co_window_of_opportunity_a, co_window_paths_a,
          co_window_of_opportunity_c, co_window_of_opportunity_c,
          co_window_paths_c, co_window_corner_ca, co_window_of_opportunity_b,
          co_window_unsneaky_path_d, co_window_corner_ca, glass_columns_b,
          glass_columns_a
D:6:      gammafunk_temple_overflow_forgotten, uniq_blork_the_orc
D:7:      grunt_temple_overflow_forces_of_nature, the_bakery, st_stairs_7,
          uniq_pikel
D:8:      overflow_temple_1_default, nicolae_tso_besieged_by_evil,
          lair_entry_dummy, uniq_joseph
Temple:   corrupted_temple

Skill      XL: |  1  2  3  4  5  6  7  8  9 |
---------------+----------------------------+-----
Long Blades    | 3 4 5 6 7 9 11 | 11.2
Dodging        | 3 4 |  4.3
Armour         | 1 2 3 4 |  4.8
Fighting       | 3 4 5 |  5.2
Shields        | 2 |  2.2
Throwing       | |  1.7

Action                   |  1- 3 |  4- 6 |  7- 9 | 10-12 || total
-------------------------+-------+-------+-------+-------++-------
Melee: Long sword        |   126 |   178 |   439 |    40 ||   783
       Headbutt          |       |    10 |   106 |     8 ||   124
Invok: Heroism           |       |       |     1 |     1 ||     2
Evoke: Wand              |       |       |       |     1 ||     1
  Use: Potion            |       |     7 |     1 |       ||     8
       Scroll            |       |     4 |     4 |     1 ||     9
  Eat: Chunk             |     2 |     7 |     8 |     1 ||    18
       Bread ration      |       |       |     1 |       ||     1
       Fruit             |       |       |     3 |       ||     3
Armor: Leather armour    |    43 |    41 |    13 |       ||    97
       Chain mail        |       |       |   149 |    31 ||   180
Dodge: Dodged            |    88 |   121 |   162 |    14 ||   385
       Rpst.: Long sword |    20 |    37 |    55 |     2 ||   114
